[Event "Titled Tuesday Blitz March 07 Late 2023"]
[White "Reprintsev, Alexander"]
[Black "Bilych, Olexiy"]
[WhiteFideId "14100541"]
[BlackFideId "14156504"]
[WhiteElo "2229"]
[BlackElo "2320"]
[Result "0-1"]
[Round "06"]
[TimeControl "180+2"]
[Date "2023.03.07"]
[WhiteClock "0:00:04"]
[BlackClock "0:00:15"]

1. e4 c5 2. b3 g6 3. Bb2 Nf6 4. g4 h6 5. e5 Nd5 6. Bg2 Nc7 7. e6 f6 8. exd7+ Qxd7 9. h3 Nc6 10. Ne2 Bg7 11. d4 cxd4 12. Nxd4 Nxd4 13. Qxd4 Qxd4 14. Bxd4 e5 15. Bc5 Ne6 16. Ba3 Nf4 17. Bf3 Bf8 18. Bxf8 Kxf8 19. Nc3 Rb8 20. O-O-O Be6 21. Nb5 Ke7 22. c4 a6 23. Nc3 b5 24. cxb5 axb5 25. Kb2 b4 26. Ne4 Rhc8 27. Rd2 f5 28. gxf5 gxf5 29. Ng3 e4 30. Be2 Rc3 31. h4 Rbc8 32. Rhd1 Kf6 33. Ba6 R8c7 34. Ne2 Ke5 35. Nd4 Bd7 36. Nc2 Be6 37. Nxb4 Rh3 38. Bb5 Rxh4 39. Nc6+ Kf6 40. a4 Nd3+ 41. Bxd3 Rxc6 42. Bb5 Rc5 43. Rd6 Ke5 44. R1d2 Rh3 45. Rb6 Rxb3+ 46. Ka2 Rbxb5+ 47. Rxe6+ Kxe6 48. axb5 Rxb5 49. Rd8 Ke5 50. Rh8 Rb6 51. Rg8 Kf4 52. Rg3 h5 53. Rh3 Rd6 54. Kb3 Rd2 55. Rh4+ Kg5 56. Rh2 e3 57. Rg2+ Kf6 58. Rg1 Rxf2 59. Re1 f4 60. Kc4 h4 61. Kd4 h3 62. Ke4 h2 63. Rh1 Kg5 64. Rb1 Kg4 0-1


[Site "https://www.chess.com"]

[Event "Titled Tuesday Blitz March 07 Late 2023"]
[White "Do Nascimento,Christian Almeida"]
[Black "Nasuta, Grzegorz"]
[WhiteFideId "2143801"]
[BlackFideId "1141686"]
[WhiteElo "2125"]
[BlackElo "2449"]
[Result "1-0"]
[Round "06"]
[TimeControl "180+2"]
[Date "2023.03.07"]
[WhiteClock "0:01:10"]
[BlackClock "0:00:45"]

1. e4 c6 2. d4 d5 3. Nc3 dxe4 4. Nxe4 Nf6 5. Ng5 h6 6. N5f3 Bf5 7. Bc4 e6 8. Ne5 Nbd7 9. Ngf3 Be7 10. O-O O-O 11. c3 a5 12. a4 Nb6 13. Bb3 Nbd5 14. Re1 Re8 15. h3 Bd6 16. g4 Bh7 17. g5 hxg5 18. Nxg5 Bxe5 19. dxe5 Nd7 20. Nxh7 Kxh7 21. Qh5+ Kg8 22. Re4 Nf8 23. Bg5 Qb6 24. Rh4 f5 25. exf6 gxf6 26. Bxd5 exd5 27. Qh8+ Kf7 28. Qxf6+ 1-0


[Site "https://www.chess.com"]

[Event "Titled Tuesday Blitz March 07 Late 2023"]
[White "Mendez Fortes, Eduardo Jesus"]
[Black "Bitoon, Richard"]
[WhiteFideId "3502376"]
[BlackFideId "5201110"]
[WhiteElo "2307"]
[BlackElo "2374"]
[Result "1/2-1/2"]
[Round "06"]
[TimeControl "180+2"]
[Date "2023.03.07"]
[WhiteClock "0:00:07"]
[BlackClock "0:00:11"]

1. e4 e5 2. Nf3 Nc6 3. Bb5 a6 4. Ba4 Nf6 5. O-O b5 6. Bb3 Bb7 7. Re1 Bc5 8. h3 d6 9. c3 Bb6 10. d4 h6 11. a4 O-O 12. Na3 Re8 13. d5 Ne7 14. Bc2 c6 15. c4 bxc4 16. dxc6 Bxc6 17. Nxc4 Bc7 18. Bd2 Ng6 19. Bb4 d5 20. exd5 Nxd5 21. Bc5 Ndf4 22. Qxd8 Raxd8 23. Bxg6 fxg6 24. Ncxe5 Bxe5 25. Rxe5 Bxf3 26. Rxe8+ Rxe8 27. gxf3 Nxh3+ 28. Kh2 Nf4 29. b4 Nd3 30. Rd1 Nb2 31. Ra1 Rb8 32. Ra2 Nd3 33. Rd2 Nxb4 34. Rb2 Nc6 35. Rc2 Ne5 36. Kg3 Rb3 37. Be3 Ra3 38. Rc5 Nd3 39. Ra5 Nb2 40. Rxa6 Rxa4 41. Rxg6 Kh7 42. Rc6 Nc4 43. Bd4 g5 44. Rc7+ Kg6 45. Rc6+ Kh7 46. Rc7+ Kg6 47. Rc6+ Kh7 1/2-1/2


[Site "https://www.chess.com"]

[Event "Titled Tuesday Blitz March 07 Late 2023"]
[White "Sokac, Marko"]
[Black "Korchmar, Vasiliy"]
[WhiteFideId "14531356"]
[BlackFideId "24131750"]
[WhiteElo "2355"]
[BlackElo "2370"]
[Result "0-1"]
[Round "06"]
[TimeControl "180+2"]
[Date "2023.03.07"]
[WhiteClock "0:00:18"]
[BlackClock "0:00:09"]

1. e4 c5 2. a3 e5 3. b4 Nc6 4. c3 Nf6 5. Bd3 d5 6. Qe2 dxe4 7. Bxe4 Nxe4 8. Qxe4 Bd6 9. Ne2 O-O 10. Ng3 g6 11. d3 Be6 12. Bh6 Re8 13. Nd2 f5 14. Qe2 Qh4 15. bxc5 Bc7 16. Be3 f4 17. Nde4 fxe3 18. Qxe3 Rf8 19. Rb1 b6 20. O-O Rad8 21. Rfe1 Qf4 22. Qe2 h5 23. Nf1 Kg7 24. Ne3 Rd7 25. cxb6 Bxb6 26. Rb5 h4 27. h3 Rdf7 28. a4 Bf5 29. Nd5 Qh6 30. Nd6 Bxd3 31. Qxd3 Bxf2+ 32. Kh1 Bxe1 33. Nxf7 Rxf7 34. Qc4 Qc1 0-1


[Site "https://www.chess.com"]

[Event "Titled Tuesday Blitz March 07 Late 2023"]
[White "Wieczorek, Oskar"]
[Black "Kokoszczynski, Jan"]
[WhiteFideId "1133950"]
[BlackFideId "1174460"]
[WhiteElo "2418"]
[BlackElo "2139"]
[Result "0-1"]
[Round "06"]
[TimeControl "180+2"]
[Date "2023.03.07"]
[WhiteClock "0:02:08"]
[BlackClock "0:01:45"]

1. e4 e5 2. Nf3 Nc6 3. Nc3 Nf6 4. h3 a6 5. d4 exd4 6. Nxd4 Nxd4 7. Qxd4 d6 8. Bc4 Be7 9. Bg5 O-O 10. O-O-O b5 11. Bb3 c5 12. Qd2 c4 0-1


[Site "https://www.chess.com"]

[Event "Titled Tuesday Blitz March 07 Late 2023"]
[White "Matinian, Nikita"]
[Black "Pert, Richard G"]
[WhiteFideId "24129100"]
[BlackFideId "404748"]
[WhiteElo "2422"]
[BlackElo "2441"]
[Result "0-1"]
[Round "06"]
[TimeControl "180+2"]
[Date "2023.03.07"]
[WhiteClock "0:00:02"]
[BlackClock "0:00:09"]

1. e4 g6 2. d4 Bg7 3. Nc3 c6 4. h4 h5 5. Nh3 d5 6. exd5 cxd5 7. Bb5+ Nc6 8. Ng5 Nf6 9. Bf4 Bf5 10. Qd2 Rc8 11. f3 a6 12. Bxc6+ Rxc6 13. Be5 b5 14. a3 Qb6 15. Rc1 Rc4 16. Nd1 O-O 17. Ne3 Rcc8 18. Nxf5 gxf5 19. Qf4 e6 20. g4 hxg4 21. h5 Nh7 22. Bxg7 Kxg7 23. fxg4 f6 24. Nxh7 Kxh7 25. gxf5 e5 26. dxe5 fxe5 27. Qf2 Qh6 28. Rd1 Rc4 29. Rd2 Kh8 30. Kd1 Rf4 31. Qe2 R4xf5 32. Rxd5 Qe6 33. Rd2 Qa2 34. Ke1 Qxb2 35. h6 Qa1+ 36. Rd1 Qc3+ 37. Rd2 Qg3+ 38. Kd1 Qxa3 39. Rd3 Qa1+ 40. Kd2 Qxh1 41. Qg4 Rf2+ 42. Kc3 Qa1+ 43. Kb3 Qb1+ 44. Ka3 Qc1+ 45. Kb3 Qxc2+ 0-1


[Site "https://www.chess.com"]

[Event "Titled Tuesday Blitz March 07 Late 2023"]
[White "Shapiro, David"]
[Black "Petrovic, Aleksa"]
[WhiteFideId "24133523"]
[BlackFideId "967629"]
[WhiteElo "2300"]
[BlackElo "2326"]
[Result "1-0"]
[Round "06"]
[TimeControl "180+2"]
[Date "2023.03.07"]
[WhiteClock "0:00:12"]
[BlackClock "0:00:01"]

1. d4 e6 2. c4 Nf6 3. Nf3 b6 4. g3 Ba6 5. Qc2 Bb7 6. Bg2 Nc6 7. O-O Nb4 8. Qd1 c5 9. d5 exd5 10. Nh4 Qc7 11. a3 Na6 12. cxd5 d6 13. Nc3 g6 14. Bf4 Qd7 15. e4 Bg7 16. Nf3 O-O 17. e5 Nh5 18. e6 fxe6 19. dxe6 Qxe6 20. Ng5 Qd7 21. Qxd6 Qxd6 22. Bxd6 Bxg2 23. Kxg2 Rfd8 24. Rad1 Rd7 25. Ne6 Bxc3 26. bxc3 Nf6 27. Be5 Re8 28. Bxf6 Rxd1 29. Rxd1 Rxe6 30. Rd8+ Kf7 31. Bg5 c4 32. Rd7+ Ke8 33. Rxa7 Nc5 34. Rxh7 Re2 35. Be3 Ne4 36. Rh4 Nd6 37. Bxb6 Kd7 38. Bc5 Ne4 39. Be3 Nxc3 40. Rd4+ Ke6 41. Rxc4 Nd5 42. Kf3 Ra2 43. a4 Ra3 44. h4 Ne7 45. Re4+ Kf7 46. Kg4 Nd5 47. Kf3 Ne7 48. Kg2 Nd5 49. g4 Nf6 50. Rf4 Ke6 51. Bc5 Nd5 52. Bxa3 Nxf4+ 53. Kf3 Nd3 54. a5 1-0


[Site "https://www.chess.com"]

[Event "Titled Tuesday Blitz March 07 Late 2023"]
[White "Sokolin, Leonid"]
[Black "Sai Krishna G V"]
[WhiteFideId "2009161"]
[BlackFideId "5028280"]
[WhiteElo "2394"]
[BlackElo "2359"]
[Result "1-0"]
[Round "06"]
[TimeControl "180+2"]
[Date "2023.03.07"]
[WhiteClock "0:02:16"]
[BlackClock "0:02:26"]

1. e4 e5 2. Nf3 Nc6 3. Nc3 Nf6 4. Bb5 Bb4 5. O-O O-O 6. Bxc6 bxc6 7. Nxe5 Re8 8. d4 Bxc3 9. bxc3 Nxe4 10. Re1 d5 11. f3 Nxc3 12. Qd2 Nb5 13. Nxc6 Bd7 14. Nxd8 1-0


[Site "https://www.chess.com"]

[Event "Titled Tuesday Blitz March 07 Late 2023"]
[White "Kochetov, Andrey"]
[Black "Zarubitski, Viachaslau"]
[WhiteFideId "24130532"]
[BlackFideId "13509373"]
[WhiteElo "2517"]
[BlackElo "2284"]
[Result "1-0"]
[Round "06"]
[TimeControl "180+2"]
[Date "2023.03.07"]
[WhiteClock "0:00:04"]
[BlackClock "0:00:12"]

1. e4 e5 2. Nf3 Nf6 3. Nxe5 d6 4. Nf3 Nxe4 5. d4 d5 6. Bd3 Bd6 7. O-O O-O 8. h3 c6 9. c4 Re8 10. Nc3 Bf5 11. cxd5 cxd5 12. Nxd5 Nc6 13. Nc3 Nxc3 14. bxc3 Qd7 15. Rb1 b6 16. Bxf5 Qxf5 17. Be3 Na5 18. Qa4 Rac8 19. Rbc1 Qe6 20. Rfe1 Qc4 21. Qxc4 Nxc4 22. Nd2 Ba3 23. Nxc4 Bxc1 24. Nd6 Bxe3 25. Nxe8 Bd2 26. Nd6 Rd8 27. Re7 Kf8 28. Rxf7+ Kg8 29. Nb7 Kxf7 30. Nxd8+ Ke7 31. Nc6+ Kd6 32. Nxa7 Kd5 33. Kf1 Bxc3 34. Nb5 Bxd4 35. Nxd4 Kxd4 36. Ke2 Kc3 37. f4 Kb2 38. Kd3 Kxa2 39. Kc4 Kb2 40. g4 Ka3 41. Kb5 Kb3 42. f5 h6 43. h4 Kc3 44. g5 hxg5 45. hxg5 Kd4 46. f6 1-0


[Site "https://www.chess.com"]

[Event "Titled Tuesday Blitz March 07 Late 2023"]
[White "Ezat, Mohamed"]
[Black "Larino Nieto, David"]
[WhiteFideId "10600906"]
[BlackFideId "2256444"]
[WhiteElo "2386"]
[BlackElo "2506"]
[Result "0-1"]
[Round "06"]
[TimeControl "180+2"]
[Date "2023.03.07"]
[WhiteClock "0:00:07"]
[BlackClock "0:01:00"]

1. d4 e6 2. c4 d5 3. Nc3 c5 4. cxd5 exd5 5. Nf3 Nc6 6. Bf4 Nf6 7. e3 Be7 8. Be2 O-O 9. O-O a6 10. dxc5 Bxc5 11. Rc1 Ba7 12. Bg5 Be6 13. Na4 h6 14. Bh4 Qe7 15. a3 Rad8 16. Nd4 Ne5 17. b4 Bd7 18. Nc5 Bxc5 19. Rxc5 Ng6 20. Bxf6 Qxf6 21. Rxd5 Ba4 22. Nb3 Rxd5 23. Qxd5 Rd8 24. Qc4 b5 25. Qc2 Qe6 26. Rb1 Rc8 27. Qb2 Bxb3 28. Qxb3 Rc1+ 29. Bf1 Qxb3 30. Rxb3 Ne5 31. Rb2 Nc4 32. Ra2 Rd1 33. g3 Nd2 34. Kg2 Nxf1 35. a4 bxa4 36. Rxa4 Nd2 37. Rxa6 Ne4 38. Kf3 f5 39. Kf4 Rd5 40. Kf3 Rd2 41. Kf4 Rxf2+ 42. Ke5 Rxh2 43. Kxf5 Nxg3+ 44. Kg6 Rf2 45. Ra8+ Rf8 46. Rxf8+ Kxf8 47. b5 Ne4 48. b6 Nc5 49. e4 Nb7 50. e5 Ke7 51. Kxg7 h5 52. Kg6 h4 53. Kf5 h3 54. Ke4 h2 55. Kd5 h1=Q+ 56. Kc4 Qc6+ 57. Kb4 Qxb6+ 58. Ka4 Nc5+ 59. Ka3 Qb3# 0-1


[Site "https://www.chess.com"]

[Event "Titled Tuesday Blitz March 07 Late 2023"]
[White "Karas, Marek"]
[Black "Diaz Perez, Michel Alejandro"]
[WhiteFideId "14928558"]
[BlackFideId "3517179"]
[WhiteElo "2233"]
[BlackElo "2333"]
[Result "1/2-1/2"]
[Round "06"]
[TimeControl "180+2"]
[Date "2023.03.07"]
[WhiteClock "0:00:03"]
[BlackClock "0:00:26"]

1. d4 Nf6 2. Nf3 d6 3. Nc3 Nbd7 4. e4 e5 5. Bc4 Be7 6. O-O O-O 7. Re1 c6 8. a4 a5 9. Bd3 Re8 10. Ne2 Bf8 11. c3 h6 12. Ng3 g6 13. h3 Qc7 14. Be3 Bg7 15. Qd2 Kh7 16. Nh2 Nf8 17. f4 exf4 18. Bxf4 Ne6 19. Nf3 Nxf4 20. Qxf4 Be6 21. Rf1 Kg8 22. Bc2 Rad8 23. Rae1 Qb6 24. Qc1 Bc8 25. Kh1 c5 26. Bd3 Bd7 27. Qc2 Nh7 28. Bc4 Be6 29. Bxe6 Rxe6 30. Ne2 Rf6 31. Nd2 Re8 32. Rxf6 Nxf6 33. e5 dxe5 34. Nc4 Qc7 35. dxe5 Nd5 36. Qe4 Nb6 37. Nxb6 Qxb6 38. Qc2 Rxe5 39. Rd1 Qe6 40. Ng1 Re1 41. Rxe1 Qxe1 42. Qe2 Qc1 43. Kh2 Bf8 44. Nf3 Bd6+ 45. g3 Kg7 46. Kg2 b6 47. Qd2 Qxd2+ 48. Nxd2 f5 49. Nc4 Bc7 50. Kf3 Kf6 51. g4 fxg4+ 52. hxg4 h5 53. gxh5 gxh5 54. Ne3 Ke6 55. b3 Kf6 56. Nd5+ Ke5 57. Nxc7 h4 58. Na8 h3 59. Nxb6 h2 60. Kg2 Ke4 61. Nc4 Kd3 62. Nxa5 Kxc3 63. Nb7 Kxb3 64. a5 c4 65. a6 c3 66. Nc5+ Kc4 67. a7 c2 68. a8=Q c1=Q 69. Qg8+ Kc3 70. Qg7+ Kc2 71. Qg6+ Kd1 72. Qd3+ Qd2+ 73. Qxd2+ Kxd2 74. Kxh2 1/2-1/2


[Site "https://www.chess.com"]

[Event "Titled Tuesday Blitz March 07 Late 2023"]
[White "Wartiovaara, Oliver"]
[Black "Papasimakopoulos, Alexandros"]
[WhiteFideId "513024"]
[BlackFideId "4244125"]
[WhiteElo "2214"]
[BlackElo "2359"]
[Result "0-1"]
[Round "06"]
[TimeControl "180+2"]
[Date "2023.03.07"]
[WhiteClock "0:00:04"]
[BlackClock "0:00:06"]

1. d4 e6 2. Nc3 d5 3. Bf4 Nf6 4. Nb5 Na6 5. e3 Bb4+ 6. c3 Be7 7. a4 c6 8. Na3 Nb8 9. Nf3 Nbd7 10. Bd3 Nh5 11. Bg3 Nxg3 12. hxg3 h6 13. Qe2 c5 14. Ne5 cxd4 15. exd4 Nxe5 16. Qxe5 O-O 17. Nc2 Re8 18. Ne3 Bf8 19. O-O-O Bd7 20. Ng4 Bxa4 21. Rxh6 gxh6 22. Nf6+ Qxf6 23. Qxf6 Bxd1 24. Kxd1 Bg7 25. Qh4 Rab8 26. Bb5 Red8 27. f4 a6 28. Bd3 b5 29. g4 b4 30. g5 hxg5 31. Qxg5 bxc3 32. bxc3 Rdc8 33. Kd2 Rb3 34. f5 Rcxc3 35. Bc2 exf5 36. Bxb3 Rxb3 37. Qxf5 Rb4 38. Qc8+ Kh7 39. Qf5+ Kg8 40. Qc8+ Bf8 41. Qxa6 Rxd4+ 42. Ke3 Re4+ 43. Kf3 Re5 44. Kf4 Bg7 45. g4 Kh7 46. Qd3+ Kg8 47. g5 Kh8 48. Qc2 Kg8 49. Kg4 Re8 50. Qd3 d4 51. Kh5 Re5 52. Kg4 Re8 53. Kf5 Rd8 54. g6 fxg6+ 55. Kxg6 Rd6+ 56. Kh5 Rd8 57. Qc4+ Kh8 58. Kg6 Rd6+ 59. Kf7 Rf6+ 60. Ke7 Rh6 61. Qc8+ Kh7 62. Kf7 Rf6+ 63. Ke7 Rf3 64. Qc2+ d3 65. Qh2+ Bh6 66. Qe5 Re3 0-1


[Site "https://www.chess.com"]

[Event "Titled Tuesday Blitz March 07 Late 2023"]
[White "Slade, Theodore"]
[Black "Ozer, Omer Faruk"]
[WhiteFideId "426547"]
[BlackFideId "6354564"]
[WhiteElo "1964"]
[BlackElo "2260"]
[Result "1-0"]
[Round "06"]
[TimeControl "180+2"]
[Date "2023.03.07"]
[WhiteClock "0:00:50"]
[BlackClock "0:00:08"]

1. d4 Nf6 2. c4 g6 3. Nc3 Bg7 4. e4 d6 5. Nf3 O-O 6. Be2 Bg4 7. Be3 Nfd7 8. Ng1 Bxe2 9. Ngxe2 c5 10. O-O Nc6 11. Qd2 a6 12. Rfd1 Rc8 13. dxc5 Nxc5 14. Rab1 Rc7 15. Bxc5 dxc5 16. Qxd8 Rxd8 17. Rxd8+ Nxd8 18. Rd1 Nc6 19. Nd5 Rc8 20. b3 e6 21. Nb6 Rc7 22. Rd7 Rxd7 23. Nxd7 Nd4 24. Kf1 Nxe2 25. Kxe2 Bd4 26. f3 f5 27. Kd3 Kf7 28. b4 Ke7 29. Nxc5 Bxc5 30. bxc5 e5 31. c6 b6 32. exf5 gxf5 33. g4 fxg4 34. fxg4 Kd6 35. Ke4 a5 36. g5 Kxc6 37. Kxe5 Kc5 38. h4 Kxc4 39. h5 b5 40. g6 hxg6 41. hxg6 b4 42. g7 a4 43. g8=Q+ Kc3 44. Qg3+ Kb2 45. Qf2+ Ka3 46. Kd4 b3 47. axb3 axb3 48. Kc3 1-0


[Site "https://www.chess.com"]

[Event "Titled Tuesday Blitz March 07 Late 2023"]
[White "Elissalt Cardenas, Hector"]
[Black "Martinez Ramirez, Lennis"]
[WhiteFideId "3500632"]
[BlackFideId "3509079"]
[WhiteElo "2202"]
[BlackElo "2439"]
[Result "0-1"]
[Round "06"]
[TimeControl "180+2"]
[Date "2023.03.07"]
[WhiteClock "0:01:41"]
[BlackClock "0:02:20"]

1. d4 d5 2. c4 e6 3. Nc3 Nf6 4. cxd5 exd5 5. Bg5 Be7 6. e3 c6 7. Bd3 O-O 8. Qc2 h6 9. Bh4 Re8 10. Nf3 Nbd7 11. h3 Nh5 12. Bxe7 Qxe7 13. O-O a5 14. a3 g6 15. e4 dxe4 16. Bxe4 Ndf6 17. Bxg6 fxg6 18. Qxg6+ Qg7 19. Qd3 Nf4 0-1


[Site "https://www.chess.com"]

[Event "Titled Tuesday Blitz March 07 Late 2023"]
[White "Cuenca Jimenez, Jose Fernando"]
[Black "Sreyas Payyappat"]
[WhiteFideId "2255570"]
[BlackFideId "46674969"]
[WhiteElo "2429"]
[BlackElo "2083"]
[Result "1-0"]
[Round "06"]
[TimeControl "180+2"]
[Date "2023.03.07"]
[WhiteClock "0:00:02"]
[BlackClock "0:00:02"]

1. c4 c5 2. Nf3 Nf6 3. Nc3 Nc6 4. d4 cxd4 5. Nxd4 e6 6. g3 Qb6 7. Ndb5 Ne5 8. Qa4 Bc5 9. e3 Qc6 10. b4 Qxh1 11. bxc5 Nf3+ 12. Ke2 Nxh2 13. Nd6+ Kf8 14. Ba3 Qf3+ 15. Kd2 Qxf2+ 16. Be2 Nf3+ 17. Kc2 Qxe3 18. c6 Nd4+ 19. Kd1 Kg8 20. Qa5 b6 21. Qb4 Qg1+ 22. Kd2 Qxa1 23. Nf5 Ne4+ 24. Nxe4 Qxa2+ 25. Ke3 Qxe2+ 26. Kxd4 Qxe4+ 27. Kxe4 exf5+ 28. Kf4 g5+ 29. Kxg5 h6+ 30. Kf6 Kh7 31. Qe7 1-0


[Site "https://www.chess.com"]

[Event "Titled Tuesday Blitz March 07 Late 2023"]
[White "Rytenko, Vsevolod"]
[Black "Shohat, Yotam"]
[WhiteFideId "14133040"]
[BlackFideId "2813955"]
[WhiteElo "2262"]
[BlackElo "2226"]
[Result "0-1"]
[Round "06"]
[TimeControl "180+2"]
[Date "2023.03.07"]
[WhiteClock "0:01:26"]
[BlackClock "0:01:00"]

1. e4 c5 2. Nf3 d6 3. c3 Nf6 4. Bc4 e6 5. d4 cxd4 6. e5 dxe5 7. Nxe5 Qa5 8. Qxd4 Bc5 9. Qf4 Bd6 10. O-O Qxe5 11. Qh4 Qh5 12. Qxh5 Nxh5 13. Nd2 Nf6 14. Nf3 Nc6 15. Rd1 Ke7 16. Be2 Rd8 17. Bg5 b6 18. Kf1 Bb7 19. Rd2 h6 20. Bh4 g5 21. Bg3 Bxg3 22. hxg3 Ne4 23. Rxd8 Rxd8 24. Ke1 g4 25. Nh2 f5 26. Nf1 Ne5 27. Ne3 Nd3+ 28. Bxd3 Rxd3 29. Ke2 Rd2+ 30. Ke1 Rxf2 31. Rd1 Rxb2 32. Nc4 Rxg2 33. Rd4 Ba6 34. Ne5 Re2+ 35. Kd1 Nxc3+ 36. Kc1 Nxa2+ 37. Kb1 Nc3+ 38. Kc1 Rxe5 39. Rd2 Ne2+ 40. Kb1 Nxg3 0-1


[Site "https://www.chess.com"]

[Event "Titled Tuesday Blitz March 07 Late 2023"]
[White "Skvortsov, Andrei"]
[Black "Brozyna, Mateusz"]
[WhiteFideId "24108600"]
[BlackFideId "21816140"]
[WhiteElo "2259"]
[BlackElo "2189"]
[Result "1-0"]
[Round "06"]
[TimeControl "180+2"]
[Date "2023.03.07"]
[WhiteClock "0:00:13"]
[BlackClock "0:00:12"]

1. g3 Nf6 2. Bg2 g6 3. e4 d6 4. d4 Bg7 5. Ne2 O-O 6. O-O c5 7. c3 Nc6 8. dxc5 dxc5 9. Be3 Nd7 10. f4 Qb6 11. Qc2 Nf6 12. h3 Be6 13. Nd2 Rad8 14. g4 Bxg4 15. hxg4 Nxg4 16. Nc4 Nxe3 17. Nxe3 c4 18. Rf3 Rd3 19. Qc1 e5 20. Kh1 Qc5 21. Nd5 f5 22. b4 Qd6 23. Rxd3 cxd3 24. Ng3 exf4 25. Qxf4 Be5 26. Qe3 Bxg3 27. Qxd3 f4 28. Rf1 Ne5 29. Qd4 f3 30. Bh3 Re8 31. Ne3 Bf4 32. Qxd6 Bxe3 33. Qd5+ Kg7 34. Qxb7+ Kh6 35. Qb5 Re7 36. Qa4 Bg5 37. Bg4 Nxg4 38. Rxf3 Ne5 39. Rh3+ Kg7 40. Qd1 Bf6 41. Qd5 h5 42. Rg3 Ng4 43. Kg1 Re5 44. Qd7+ Kh6 45. Qd3 Bg5 46. Qd4 Re7 47. Qd5 Nf6 48. Qc5 Nxe4 49. Rxg5 Nxc5 50. Rxc5 Re1+ 51. Kf2 Ra1 52. Ra5 Rc1 53. Ra3 Rc2+ 54. Ke3 h4 55. Kd3 Rb2 56. Rxa7 h3 57. Re7 h2 58. Re1 Rxa2 59. b5 g5 60. b6 g4 61. c4 g3 62. Re6+ Kg5 63. b7 Rb2 64. Re5+ Kf4 65. Rb5 Rxb5 66. cxb5 h1=Q 67. b8=Q+ Kg4 68. Qg8+ Kh3 69. Qh7+ Kg2 70. Qe4+ Kh2 71. Qh4+ Kg1 72. Qxg3+ Kf1 73. Qf4+ Ke1 74. Qe4+ Qxe4+ 75. Kxe4 Kd2 76. b6 Kc3 77. b7 Kb4 78. b8=Q+ Ka5 79. Qe5+ Ka6 80. Qb2 Ka7 81. Kd5 Ka8 82. Kc6 Ka7 83. Qb7# 1-0


[Site "https://www.chess.com"]

[Event "Titled Tuesday Blitz March 07 Late 2023"]
[White "Zhu, Jiner"]
[Black "Koutlas, Nikolaos"]
[WhiteFideId "8608059"]
[BlackFideId "25827138"]
[WhiteElo "2384"]
[BlackElo "2215"]
[Result "1-0"]
[Round "06"]
[TimeControl "180+2"]
[Date "2023.03.07"]
[WhiteClock "0:00:06"]
[BlackClock "0:00:03"]

1. e4 c5 2. Nf3 Nc6 3. d4 cxd4 4. Nxd4 e5 5. Nb5 d6 6. c4 g6 7. Be2 Nf6 8. N5c3 Be6 9. Be3 Bg7 10. O-O O-O 11. f3 Rc8 12. Nd5 Nd4 13. Nbc3 Nh5 14. Re1 f5 15. exf5 Bxf5 16. Bd3 Kh8 17. Rc1 Qh4 18. Bf2 Qg5 19. Ne4 Qd8 20. Kh1 Nf4 21. Nxf4 exf4 22. Nc3 Bxd3 23. Qxd3 Nf5 24. b3 b6 25. Rcd1 Be5 26. Ne4 Re8 27. Re2 Ng3+ 28. hxg3 fxg3 29. Nxg3 Qh4+ 30. Kg1 Bxg3 31. Bxg3 Qxg3 32. Qd4+ Kg8 33. Qd5+ Kg7 34. Qd4+ Kh6 35. Qd2+ Kg7 36. Qd4+ Kh6 37. Qd2+ Qg5 38. Qxg5+ Kxg5 39. Rxe8 Rxe8 40. Rxd6 Re2 41. a4 Rb2 42. Rd3 Kf4 43. Kh2 h5 44. Kh3 g5 45. g3+ Kf5 46. Rd5+ Kf6 47. Rb5 Rf2 48. g4 h4 49. a5 Rxf3+ 50. Kh2 Rg3 51. axb6 axb6 52. Rxb6+ Ke5 53. Rb5+ Kf4 54. Rd5 Kxg4 55. Rd4+ Kh5 56. b4 Rb3 57. b5 g4 58. Rd5+ Kg6 59. Rd4 Rb2+ 60. Kg1 Kg5 61. Rd5+ Kf4 62. Rd4+ Kf3 63. Rd3+ Ke4 64. Rd1 g3 65. Rc1 h3 66. c5 h2+ 67. Kh1 Rxb5 68. c6 Rb8 69. c7 Rc8 70. Rc3 Kf4 71. Rc1 Kf3 72. Rc3+ Kg4 73. Kg2 Kh4 74. Rc4+ Kg5 75. Rc3 Kh5 76. Rc1 Kg4 77. Rc4+ Kg5 78. Rc3 Kf4 79. Rf3+ Ke4 80. Rc3 Rh8 81. Kh1 Kf4 82. c8=Q Rxc8 83. Rxc8 Kf3 84. Rc3+ Kf2 85. Rc2+ Kf1 86. Rc1+ Kf2 87. Rc2+ Kf3 88. Rg2 Kf4 89. Ra2 Kf3 90. Rb2 Kf4 91. Kg2 Kg4 92. Rb4+ Kf5 93. Rh4 Kg5 94. Rh3 Kf4 95. Rh8 Kg4 96. Rg8+ Kf4 97. Ra8 Kg4 98. Ra3 Kf4 99. Rf3+ Ke4 100. Rxg3 Kf4 101. Rh3 Kg4 102. Rxh2 Kf4 103. Rh4+ 1-0


[Site "https://www.chess.com"]

[Event "Titled Tuesday Blitz March 07 Late 2023"]
[White "Guzman, Christopher"]
[Black "Rangel, Daniel"]
[WhiteFideId "6405096"]
[BlackFideId "2124475"]
[WhiteElo "2281"]
[BlackElo "2256"]
[Result "1-0"]
[Round "06"]
[TimeControl "180+2"]
[Date "2023.03.07"]
[WhiteClock "0:00:44"]
[BlackClock "0:00:06"]

1. e4 c5 2. Nf3 g6 3. d4 cxd4 4. Nxd4 Bg7 5. c4 Nc6 6. Be3 Nf6 7. Nc3 O-O 8. Be2 Nxd4 9. Bxd4 d6 10. O-O Bd7 11. Rc1 Bc6 12. f3 a5 13. Qd2 Nd7 14. Be3 Nc5 15. Rfd1 Be5 16. Nd5 e6 17. Nf4 Qh4 18. g3 Qf6 19. b3 h5 20. Nd3 Bd4 21. Kg2 Rad8 22. Bg5 Qh8 23. Bxd8 Rxd8 24. Nxc5 dxc5 25. Qxa5 Qf6 26. Rd3 Kg7 27. Rcd1 e5 28. b4 cxb4 29. Qxb4 g5 30. Rf1 g4 31. Qd2 h4 32. Qd1 Qg6 33. Rd2 gxf3+ 34. Bxf3 h3+ 35. Kh1 Ra8 36. Qe2 Ra3 37. Rd3 Ra4 38. Rb3 Ra5 39. Re1 Ra4 40. Bh5 Qd6 41. Bg4 Qg6 42. Bxh3 Ra8 43. Qf3 Rh8 44. Bf5 Qf6 45. Kg2 Kf8 46. Rd3 Ke7 47. Red1 Qg5 48. R1d2 Qh6 49. h4 Qf6 50. Qg4 Rh7 51. Qg5 Rg7 52. Qxf6+ Kxf6 53. Kf3 Ke7 54. g4 f6 55. h5 Rg8 56. h6 Rh8 57. h7 Kd6 58. Rh2 Kc5 59. Be6 Be8 60. Rh6 b6 61. Rd1 Kb4 62. Rdh1 Bc5 63. Rxf6 Be7 64. Rf5 Bd6 65. g5 Kc5 66. Rf6 Be7 67. Rf7 Bxf7 68. Bxf7 Bf8 69. g6 Bg7 70. Bg8 Kd6 71. Kg4 Ke7 72. Kf5 Bf6 73. Rd1 Bg7 74. Rd5 Kf8 75. Rd7 Ke8 76. Rxg7 Kf8 77. Rb7 Rxg8 78. Rb8+ Ke7 79. hxg8=Q 1-0


[Site "https://www.chess.com"]

[Event "Titled Tuesday Blitz March 07 Late 2023"]
[White "Di Berardino, Diego Rafael"]
[Black "Gasparyan, David"]
[WhiteFideId "2105446"]
[BlackFideId "13311980"]
[WhiteElo "2432"]
[BlackElo "2449"]
[Result "0-1"]
[Round "06"]
[TimeControl "180+2"]
[Date "2023.03.07"]
[WhiteClock "0:00:40"]
[BlackClock "0:00:57"]

1. d4 d6 2. e4 Nd7 3. f4 c5 4. d5 g6 5. c4 Bg7 6. Nf3 Ngf6 7. Nc3 a6 8. a4 Qc7 9. Be2 h5 10. O-O h4 11. Kh1 Nf8 12. e5 Ng4 13. e6 fxe6 14. Ng5 Nh6 15. dxe6 Nxe6 16. Nd5 Qd8 17. Ra3 Nf5 18. Bg4 Ned4 19. Be3 e6 20. Bxd4 Bxd4 21. Bxf5 gxf5 22. Re1 Rh6 23. Rd3 Kf8 0-1


[Site "https://www.chess.com"]

[Event "Titled Tuesday Blitz March 07 Late 2023"]
[White "Marczuk, Dominik"]
[Black "Fishbein, Alexander"]
[WhiteFideId "1111264"]
[BlackFideId "2000377"]
[WhiteElo "2174"]
[BlackElo "2415"]
[Result "0-1"]
[Round "06"]
[TimeControl "180+2"]
[Date "2023.03.07"]
[WhiteClock "0:00:10"]
[BlackClock "0:01:11"]

1. e4 c5 2. Nf3 d6 3. d4 cxd4 4. Nxd4 Nf6 5. Nc3 Nc6 6. f3 e5 7. Nb3 Be7 8. Be3 O-O 9. Qd2 a5 10. Bb5 Be6 11. O-O-O a4 12. Nxa4 d5 13. Bb6 Qc8 14. Kb1 dxe4 15. Nac5 e3 16. Qxe3 Nd5 17. Qf2 Nd4 18. Nxe6 Qxe6 19. Bxd4 exd4 20. Qxd4 Nb4 21. a3 Nxc2 22. Qe4 Nxa3+ 0-1


[Site "https://www.chess.com"]